 Dungeon Crawl Stone Soup version 0.29.0-13-gc9e81de378 (webtiles) character file.

Game seed: 18372582002897821530

1344 SensoryNuts the Slasher (level 8, -4/61 HPs)
             Began as a Demonspawn Fighter on Sept 10, 2022.
             Slain by Edmund
             ... wielding a +5 dire flail of holy wrath
              (12 damage)
             ... on level 5 of the Dungeon.
             The game lasted 00:17:02 (4718 turns).

SensoryNuts the Slasher (Demonspawn Fighter)        Turns: 4718, Time: 00:17:03

Health: -4/61      AC: 10    Str: 17    XL:     8   Next: 36%
Magic:  8/8        EV:  9    Int: 10    God:
Gold:   189        SH: 10    Dex: 14    Spells: 7/7 levels left

rFire   . . .      SeeInvis .   a - +0 long sword
rCold   . . .      Faith    .   c - +0 buckler
rNeg    . . .      Spirit   .   b - +0 scale mail
rPois   .          Reflect  +   (helmet restricted)
rElec   .          Harm     .   d - +1 cloak
rCorr   .          Rampage  .   (no gloves)
Will    .....                   (no boots)
Stlth   ..........              o - amulet of reflection
HPRegen 0.20/turn               (no ring)
MPRegen 0.11/turn               (no ring)

@: attractive, flying, hasted, very quick
A: horns 1, rugged brown scales 1, foul stench 1, powered by death 2, screaming
1
a: no special abilities


You were on level 5 of the Dungeon.
You visited 1 branch of the dungeon, and saw 5 of its levels.

You collected 189 gold pieces.

Inventory:

Hand Weapons
 a - a +0 long sword (weapon)
Missiles
 e - a throwing net (quivered)
Armour
 b - a +0 scale mail (worn)
 c - a +0 buckler (worn)
 d - a +1 cloak (worn)
Jewellery
 j - a ring of resist corrosion
 k - a ring of magical power
 o - an amulet of reflection (around neck)
 v - an amulet of magic regeneration
Wands
 s - a wand of flame (8)
 u - a wand of roots (7)
Scrolls
 q - a scroll of teleportation {unknown}
 r - a scroll of poison {unknown}
Potions
 f - a potion of haste
 g - a potion of curing
 i - 2 potions of attraction
 m - a potion of flight
 n - a potion of mutation
 t - a potion of berserk rage {unknown}


   Skills:
 + Level 4.3 Fighting
 * Level 7.3 Long Blades
 + Level 4.8 Armour
 + Level 1.4 Dodging
 + Level 3.9 Shields


You had 7 spell levels left.
You didn't know any spells.
Your spell library contained the following spells:

 Spells                   Type           Power      Damage    Failure   Level
 Sandblast                Erth           0%         2d4       83%         1
 Passwall                 Tmut/Erth      0%         N/A       93%         2
 Sublimation of Blood     Necr           0%         N/A       93%         2
 Wereblood                Tmut           0%         N/A       93%         2
 Stone Arrow              Conj/Erth      0%         3d7       99%         3
 Summon Hydra             Summ           0%         N/A       100%        7


Dungeon Overview and Level Annotations

Branches:
Dungeon (5/15)
 Temple: D:4-7

Altars:
Dithmenos
Fedhas
Qazlal
Yredelemnul

Shops:
D:3 ([   D:4 (

Annotations:
D:5 1 runed translucent door, Edmund


Innate Abilities, Weirdness & Mutations

You have a pair of small horns on your head.
You are partially covered in rugged brown scales. (AC +1, +3% HP)
You may rarely emit foul miasma when damaged in melee.
You regenerate health from kills.
You occasionally shout uncontrollably at your foes.


Message History

Edmund hits you with a +5 dire flail of holy wrath.
* * * LOW HITPOINT WARNING * * *
You convulse.
* * * LOW HITPOINT WARNING * * *
As you read the scroll labelled VEOSMIOSIR, it crumbles to dust.
It is a scroll of enchant armour.
Your +0 cloak glows green for a moment.
The centaur shoots an arrow.
The arrow hits you.
* * * LOW HITPOINT WARNING * * *
The centaur shoots an arrow.
You reflect the arrow off an invisible shield around you!
The arrow hits the centaur!
You kill the centaur!
Edmund hits you with a +5 dire flail of holy wrath.
* * * LOW HITPOINT WARNING * * *
You convulse.
* * * LOW HITPOINT WARNING * * *
Unknown command.
You feel yourself speed up. Edmund barely misses you.
It was a potion of attraction.
You feel attractive to monsters.
It was a potion of heal wounds.
You feel much better.
Edmund hits you with a +5 dire flail of holy wrath!
* * * LOW HITPOINT WARNING * * *
You convulse!
* * * LOW HITPOINT WARNING * * *
Okay, then.
Unknown command.
You feel much better.
Edmund hits you with a +5 dire flail of holy wrath!
You convulse!
* * * LOW HITPOINT WARNING * * *
It was a potion of flight.
You feel very buoyant.
You fly up into the air.
It was a potion of mutation.
You feel extremely strange.
You feel resistant to cold.
You feel the urge to shout.
You no longer feel cold resistant.
Edmund hits you with a +5 dire flail of holy wrath!
You die...

#.#..........♣≈.≈...≈.≈
##..
###..........♣≈.≈._.≈.≈
#..
##.........♣≈.≈...≈.≈
#..
##........♣≈..≈≈≈..≈
#.. #.......#♣.≈≈≈≈≈≈≈.
#.. ##.....##♣........^
#..
###...####.♣♣♣♣♣♣♣♣♣
##. ##....##
#.......... #. ##....##
###@@...... #. #....##
#........ . ##...##
##.)..... #...##
.!..... ##.## #..####
### ..# #.. ..#


You could see Edmund.

Vanquished Creatures
  A black bear (D:5)
  An ice beast (D:3)
  A centaur (D:5)
  2 ogres (D:5)
  5 scorpions (D:5)
  The ghost of groovy9 the Chopper, a weakling MiFi (D:3)
  A howler monkey (D:4)
  2 hounds
  Crazy Yiuf (D:4)
  3 orc priests
  Ijyb (D:4)
  2 iguanas (D:5)
  3 orc wizards (D:4)
  7 adders
  An ufetubus (D:5)
  2 worms
  A dart slug (D:1)
  22 orcs
  6 ball pythons
  7 bats
  2 endoplasms
  9 giant cockroaches
  8 goblins
  9 hobgoblins
  5 jackals
  5 kobolds
  5 quokkas
  3 training dummies (D:4)
  3 frilled lizards
  5 rats
124 creatures vanquished.

Vanquished Creatures (others)
  3 fungi (D:3)
3 creatures vanquished.

Grand Total: 127 creatures vanquished

Notes
Turn   | Place    | Note
-------+----------+-------------------------------------------
     0 | D:1      | SensoryNuts the Demonspawn Fighter began the quest for the
                  | Orb.
     0 | D:1      | Reached XP level 1. HP: 18/18 MP: 1/1
   186 | D:1      | Gained mutation: You have a pair of small horns on your
                  | head. [demonic ancestry]
   186 | D:1      | Reached XP level 2. HP: 24/24 MP: 2/2
   438 | D:1      | Reached skill level 2 in Long Blades
   743 | D:1      | Gained mutation: You are partially covered in rugged brown
                  | scales. (AC +1, +3% HP) [demonic ancestry]
   743 | D:1      | Reached XP level 3. HP: 24/29 MP: 3/3
  1534 | D:2      | Gained mutation: You regenerate a little health from kills.
                  | [demonic ancestry]
  1534 | D:2      | Reached XP level 4. HP: 35/36 MP: 4/4
  1627 | D:3      | Found a blossoming altar of Fedhas.
  1636 | D:3      | Identified the +3 mace "Kirackum" {freeze, rPois Str+3
                  | Int+4 Dex-5}
  1658 | D:3      | Reached skill level 3 in Long Blades
  1791 | D:3      | Found a runed translucent gate.
  1792 | D:3      | Found a runed translucent gate.
  1792 | D:3      | Noticed groovy9's ghost (weakling MiFi)
  1793 | D:3      | Found a runed translucent gate.
  1793 | D:3      | Noticed an ice beast
  1847 | D:3      | Found Xaugua's Weapon Shop.
  1853 | D:3      | Found a shadowy altar of Dithmenos.
  1880 | D:3      | Found a faded altar of an unknown god.
  2092 | D:3      | Found Hiraequ's Armour Shop.
  2402 | D:3      | Killed an ice beast
  2403 | D:3      | Reached skill level 4 in Long Blades
  2403 | D:3      | Reached XP level 5. HP: 42/42 MP: 5/5
  2413 | D:3      | Killed groovy9's ghost
  2630 | D:4      | Found Wecvol's Firing Range.
  2670 | D:4      | Reached XP level 6. HP: 41/48 MP: 6/6
  2853 | D:4      | Reached skill level 5 in Long Blades
  2853 | D:4      | Reached skill level 1 in Dodging
  3116 | D:4      | Found a stormy altar of Qazlal.
  3315 | D:4      | Found a runed translucent door.
  3316 | D:4      | Noticed Crazy Yiuf
  3350 | D:4      | Noticed Ijyb
  3363 | D:4      | Killed Ijyb
  3615 | D:4      | Killed Crazy Yiuf
  3616 | D:4      | Gained mutation: You may rarely emit foul miasma when
                  | damaged in melee. [demonic ancestry]
  3616 | D:4      | Reached XP level 7. HP: 42/54 MP: 7/7
  3731 | D:5      | Entered Level 5 of the Dungeon
  4105 | D:5      | Reached skill level 6 in Long Blades
  4384 | D:5      | Found a runed translucent door.
  4386 | D:5      | Found a runed translucent door.
  4421 | D:5      | Gained mutation: You regenerate health from kills. [demonic
                  | ancestry]
  4421 | D:5      | Reached XP level 8. HP: 31/61 MP: 8/8
  4466 | D:5      | Reached skill level 7 in Long Blades
  4625 | D:5      | Found a basalt altar of Yredelemnul.
  4704 | D:5      | Noticed Edmund
  4715 | D:5      | HP: 3/61 [Edmund/+5 dire flail of holy wrath (12)]
  4718 | D:5      | Gained mutation: Your flesh is cold resistant. (rC+)
                  | [potion of mutation]
  4718 | D:5      | Gained mutation: You occasionally shout uncontrollably at
                  | your foes. [potion of mutation]
  4718 | D:5      | Lost mutation: Your flesh is cold resistant. (rC+) [potion
                  | of mutation]
  4718 | D:5      | Slain by Edmund

Illustrated notes

Levels and vault maps discovered:
D:1:      evilmike_arrival_crescent, layout_basic
D:2:      layout_rooms
D:3:      layout_rooms, fedhas_altar_3, grunt_dithmenos_smoke,
          gammafunk_ghost_split, serial_shops, nicolae_diamond_shop, shop,
          hellmonk_ecumenical_altar_run_dry, chequers_serial_rivers_micro_b,
          grunt_decor_cap
D:4:      layout_basic, mainiacjoe_overflow_six_doors_small,
          nicolae_shop_firing_range, uniq_ijyb, uniq_crazy_yiuf_cottage
D:5:      lemuel_insect_pit, layout_cave_pods, mainiacjoe_overflow_paths,
          uniq_edmund

Skill      XL: |  1  2  3  4  5  6  7  8 |
---------------+-------------------------+-----
Armour         | 3 4 |  4.8
Long Blades    | 2 4 5 6 7 |  7.3
Shields        | 3 |  3.9
Dodging        | 1 |  1.4
Fighting       | 4 |  4.3

Action                   |  1- 3 |  4- 6 |  7- 9 || total
-------------------------+-------+-------+-------++-------
Melee: Long sword        |   100 |   181 |   111 ||   392
       Headbutt          |    13 |    26 |    20 ||    59
  Use: Scroll            |     2 |     1 |     1 ||     4
       Potion            |       |     4 |    11 ||    15
Armor: Scale mail        |    50 |   105 |    38 ||   193
Dodge: Dodged            |    52 |    71 |    39 ||   162
Block: Buckler           |    26 |    55 |    56 ||   137
       Reflection        |       |     2 |     4 ||     6
